 Dungeon Crawl Stone Soup version 0.22-a0-525-gf69a080 (webtiles) character file.

685 Amnesiac the Changer (level 7, 0/32 HPs)
             Began as a Spriggan Earth Elementalist on June 20, 2018.
             Was an Initiate of Ashenzari.
             Slain by a river rat (7 damage)
             ... on level 5 of the Dungeon.
             The game lasted 00:08:48 (5090 turns).

Amnesiac the Changer (Spriggan Earth Elementalist)  Turns: 5090, Time: 00:08:49

Health: 0/32       AC:  2    Str:  4    XL:     7   Next: 35%
Magic:  7/14       EV: 18    Int: 19    God:    Ashenzari [......]
Gold:   194        SH:  0    Dex: 16    Spells: 3/15 levels left

rFire    . . .     SeeInvis +   a - +2 dagger (venom)
rCold    . . .     Gourm    .   (shield restricted)
rNeg     . . .     Faith    .   c - +0 robe
rPois    .         Spirit   .   (helmet restricted)
rElec    .         Reflect  .   (no cloak)
rCorr    .         Harm     .   (gloves unavailable)
MR       +....                  (boots unavailable)
Stlth    ++........             t - amulet of magic regeneration
HPRegen  0.10/turn              (no ring)
MPRegen  0.39/turn              (no ring)

@: very slightly contaminated, very quick
A: very small, unfitting armour, see invisible, herbivore, speed 3, slow
metabolism 2
a: Curse Item, Renounce Religion


You were on level 5 of the Dungeon.
You worshipped Ashenzari.
Ashenzari was noncommittal.
You were not hungry.

You visited 1 branch of the dungeon, and saw 5 of its levels.

You collected 194 gold pieces.

Inventory:

Hand Weapons
 a - a +2 dagger of venom (weapon)
Missiles
 k - 47 stones (quivered)
Armour
 c - a +0 robe (worn)
Jewellery
 t - an amulet of magic regeneration (around neck)
Wands
 s - a wand of iceblast (7)
Scrolls
 b - a scroll of fear {!r, unknown}
 e - 5 scrolls of identify {!r, unknown}
 f - a scroll of fog {!r, unknown}
 h - 3 scrolls of remove curse {!r}
 i - 3 scrolls of blinking {!r, unknown}
 n - a scroll of amnesia {!r, unknown}
 q - a scroll of teleportation {!r, unknown}
Potions
 g - 3 potions of flight {!q, unknown}
 j - 3 potions of degeneration {!q, unknown}
 l - 2 potions of curing {!q, unknown}
 m - a potion of berserk rage {!q, unknown}
 o - a potion of cancellation {!q, unknown}
 p - a potion of heal wounds {!q, unknown}
 r - a potion of mutation {!q, unknown}
Comestibles
 d - 11 rations


   Skills:
 + Level 2.1 Short Blades
 - Level 3.0 Dodging
 - Level 3.0 Stealth
 + Level 4.6 Spellcasting
 + Level 5.7 Transmutations
 * Level 5.7 Earth Magic


You had 3 spell levels left.
You knew the following spells:

 Your Spells              Type           Power        Failure   Level  Hunger
a - Sandblast             Erth           ####..       1%          1    None
b - Passwall              Tmut/Erth      ####....     1%          2    #......
d - Lee's Rapid Deconstr  Erth           ####......   32%         5    ######.
e - Petrify               Tmut/Erth      ####....     12%         4    ####...

Your spell library contained the following spells:

 Spells                   Type           Power        Failure   Level  Hunger
 Stone Arrow              Conj/Erth      ###...       12%         3    ###....


Dungeon Overview and Level Annotations

Branches:
Dungeon (5/15)             Temple (0/1) D:4

Altars:
Ashenzari
Cheibriados
Gozag
Xom
The Shining One


Innate Abilities, Weirdness & Mutations

You are very small and have problems with some larger weapons.
You are too small for most types of armour.
You have supernaturally acute eyesight. (SInv)
You are a herbivore.
You cover ground extremely quickly.
You need to consume almost no food.


Message History

Aiming: Sandblast (safe; 1% risk of failure)
Press: ? - help, Shift-Dir - straight line, f - river rat
Aim: a river rat The blast of sand hits the river rat.
The river rat is almost dead.
k - 52 stones Unknown command.
Casting: Sandblast (safe; 1% risk of failure)
Confirm with . or Enter, or press ? or * to list all spells.
Aiming: Sandblast (safe; 1% risk of failure)
Press: ? - help, Shift-Dir - straight line, f/p - river rat
Aim: a river rat (almost dead)
The blast of sand misses the river rat.
k - 51 stones The river rat bites you.
* * * LOW HITPOINT WARNING * * *
Unknown command.
Casting: Sandblast (safe; 1% risk of failure)
Confirm with . or Enter, or press ? or * to list all spells.
Aiming: Sandblast (safe; 1% risk of failure)
Press: ? - help, Shift-Dir - straight line, f/p - river rat
Aim: a river rat (almost dead)
The blast of sand hits the river rat.
You kill the river rat!
k - 50 stones Unknown command.
Casting: Sandblast (safe; 1% risk of failure)
Confirm with . or Enter, or press ? or * to list all spells.
Aiming: Sandblast (safe; 1% risk of failure)
Press: ? - help, Shift-Dir - straight line, f - river rat
Aim: a river rat The blast of sand hits the river rat.
The river rat is moderately wounded.
k - 49 stones The river rat closely misses you.
Unknown command.
Casting: Sandblast (safe; 1% risk of failure)
Confirm with . or Enter, or press ? or * to list all spells.
Aiming: Sandblast (safe; 1% risk of failure)
Press: ? - help, Shift-Dir - straight line, f/p - river rat
Aim: a river rat (moderately wounded)
You miscast Sandblast.
You are very lightly contaminated with residual magic.
Motes of dust swirl before your eyes. The river rat misses you.
Unknown command.
Casting: Sandblast (safe; 1% risk of failure)
Confirm with . or Enter, or press ? or * to list all spells.
Aiming: Sandblast (safe; 1% risk of failure)
Press: ? - help, Shift-Dir - straight line, f/p - river rat
Aim: a river rat (moderately wounded)
The blast of sand misses the river rat.
k - 48 stones The river rat bites you.
* * * LOW HITPOINT WARNING * * *
Unknown command.
Casting: Sandblast (safe; 1% risk of failure)
Confirm with . or Enter, or press ? or * to list all spells.
Aiming: Sandblast (safe; 1% risk of failure)
Press: ? - help, Shift-Dir - straight line, f/p - river rat
Aim: a river rat (moderately wounded)
The blast of sand misses the river rat.
k - 47 stones The river rat bites you!
You die...

################
..........##...## ###
........#.#.#.#.##...
####.##.#..#.#.#.#.#
###
#........###...#....#
###########≈≈@..#
##### ∩#≈†r.......
....# #≈#.....>..
##### #≈≈≈(.###.# ###
#≈#≈$.. . #.#
#≈≈≈≈... #.#
#≈#≈..... #.#
#≈...... ###.#


You could see a river rat.

Vanquished Creatures
  An ogre (D:2)
  A scorpion (D:4)
  A vampire bat (D:3)
  3 bullfrog skeletons
  4 worker ants
  2 hound zombies (D:5)
  3 gnolls (D:4)
  7 adders
  A river rat (D:5)
  2 oozes
  2 adder skeletons (D:4)
  4 worms
  3 dart slugs
  3 fire bats (D:3)
  7 leopard geckos
  3 orcs
  2 spectral bats (D:3)
  A ball python (D:2)
  20 bats
  3 bat skeletons (D:3)
  A bat zombie (D:3)
  4 giant cockroaches
  9 hobgoblins
  4 jackals
  A quokka (D:2)
  A bat simulacrum (D:3)
  7 frilled lizards
  7 goblins
  13 kobolds
  A leopard gecko zombie (D:5)
  A quokka skeleton (D:5)
  6 rats
128 creatures vanquished.

Notes
Turn   | Place    | Note
-------+----------+-------------------------------------------
     0 | D:1      | Amnesiac the Spriggan Earth Elementalist began the quest for the Orb.
     0 | D:1      | Reached XP level 1. HP: 9/9 MP: 5/5
   221 | D:2      | Reached XP level 2. HP: 13/13 MP: 2/7
   291 | D:2      | Noticed an ogre
   311 | D:2      | Killed an ogre
   311 | D:2      | Reached XP level 3. HP: 16/16 MP: 0/9
   311 | D:2      | Reached XP level 4. HP: 21/21 MP: 0/11
   654 | D:1      | Learned a level 2 spell: Passwall
  1021 | D:1      | Learned a level 4 spell: Petrify
  1407 | D:1      | Reached skill level 1 in Short Blades
  2151 | D:2      | Reached XP level 5. HP: 19/24 MP: 9/12
  2162 | D:2      | Learned a level 5 spell: Lee's Rapid Deconstruction
  2395 | D:2      | Found a snail-covered altar of Cheibriados.
  3023 | D:3      | Found a shimmering altar of Xom.
  3027 | D:3      | Found a shattered altar of Ashenzari.
  3027 | D:3      | Found a glowing golden altar of the Shining One.
  3036 | D:3      | Became a worshipper of Ashenzari the Shackled
  3636 | D:3      | Reached XP level 6. HP: 28/28 MP: 13/13
  3919 | D:3      | Reached skill level 5 in Earth Magic
  4146 | D:4      | Reached skill level 5 in Transmutations
  4252 | D:4      | Found a staircase to the Ecumenical Temple.
  4680 | D:4      | Reached XP level 7. HP: 28/32 MP: 14/14
  4882 | D:5      | Entered Level 5 of the Dungeon
  4917 | D:5      | Found an opulent altar of Gozag.
  5090 | D:5      | Slain by a river rat

Vault maps used:
D:1:      mrwooster_arrival_statue, serial_bayou_pond_d
D:2:      first_ration, cheibriados_altar_1
D:3:      gammafunk_temple_overflow_forgotten, goddamned_bats
D:4:      minmay_temple_entry_overgrown, minivault_27
D:5:      lightli_sewer_entry_pipes, fountainhead, grunt_gozag_statues

Skill      XL: |  1  2  3  4  5  6  7 |
---------------+----------------------+-----
Spellcasting   | 3 4 |  4.6
Earth Magic    | 3 4 5 |  5.7
Short Blades   | 1 2 |  2.1
Transmutations | 2 4 5 |  5.7
Dodging        | |  3.0
Stealth        | |  3.0

Action                   |  1- 3 |  4- 6 |  7- 9 || total
-------------------------+-------+-------+-------++-------
Melee: Unarmed           |     1 |    33 |       ||    34
       Mace              |       |   180 |       ||   180
       Dagger            |       |    68 |    41 ||   109
 Cast: Sandblast         |    23 |    67 |    13 ||   103
       Passwall          |       |     1 |     3 ||     4
       Petrify           |       |       |     4 ||     4
 Stab: Sleeping          |       |    14 |     4 ||    18
       Petrified         |       |       |     7 ||     7
  Eat: Ration            |       |     2 |       ||     2
Armor: Robe              |     3 |    52 |     4 ||    59
Dodge: Dodged            |    12 |   367 |    33 ||   412

Table legend:
 A = Spawn XP
 B = Non-spawn XP
 C = Spawn XP percentage of total XP
 D = Spawn monster count
 E = Non-spawn monster count
 F = Spawn count percentage of total count
 G = Total turns spent on level
                    A         B        C        D         E        F      G
               +---------+---------+-------+---------+---------+-------+---------
         Total |       0 |     979 |   0.0 |       0 |     128 |   0.0 |  5090
               +---------+---------+-------+---------+---------+-------+---------
           D:1 |       0 |      44 |   0.0 |       0 |      24 |   0.0 |  1763
           D:2 |       0 |     194 |   0.0 |       0 |      32 |   0.0 |  1090
           D:3 |       0 |     249 |   0.0 |       0 |      44 |   0.0 |  1233
           D:4 |       0 |     261 |   0.0 |       0 |      16 |   0.0 |   796
           D:5 |       0 |     231 |   0.0 |       0 |      12 |   0.0 |   208
               +---------+---------+-------+---------+---------+-------+---------
